 Dungeon Crawl Stone Soup version 0.31.0-11-ge490571c62 (webtiles) character file.

Game seed: 16691979375275705950

1351 Pandarussel the Cudgeller (level 8, -3/69 (79) HPs)
             Began as a Troll Berserker on Feb 7, 2024.
             Was an Elder of Trog.
             Killed from afar by Dowan (14 damage)
             ... with a puff of frost
             ... on level 6 of the Dungeon.
             The game lasted 00:35:17 (4545 turns).

Pandarussel the Cudgeller (Troll Berserker)         Turns: 4545, Time: 00:35:17

HP:   -3/69 (79)    AC:  6    Str: 28    XL:     8   Next: 36%
MP:   7/7           EV: 16    Int:  3    God:    Trog [****..]
Gold: 235           SH:  0    Dex:  9    Spells: 7/7 levels left

rFire   + . .        f - +0 giant spiked club
rCold   . . .        (shield currently unavailable)
rNeg    . . .        c - +2 robe
rPois   .            (helmet restricted)
rElec   .            (no cloak)
rCorr   +            (gloves unavailable)
SInv    .            (boots unavailable)
Will    .....        (no amulet)
Stlth   +            e - ring of resist corrosion
HPRegen 1.11/turn    k - +5 ring of evasion
MPRegen 0.10/turn

%: no passive effects
@: about to teleport, mesmerised, heavily drained
A: large, unfitting armour, claws 3, regeneration 1, shaggy fur 1, tough skin 1,
fire resistance 1
a: Renounce Religion, Berserk, Trog's Hand, Brothers in Arms


You were on level 6 of the Dungeon.
You worshipped Trog.
Trog was greatly pleased with you.
You visited 1 branch of the dungeon, and saw 6 of its levels.

You collected 235 gold pieces.

Inventory:

Hand Weapons
 a - a +0 mace
 d - a +0 mace
 f - a +0 giant spiked club (weapon)
 q - a +0 club
 y - a +0 glaive
Armour
 b - a +0 animal skin
 c - a +2 robe (worn)
 g - a +0 ring mail
 l - a +0 scale mail
 m - a +0 chain mail
 x - a +0 helmet
Jewellery
 e - a ring of resist corrosion (left claw)
 k - a +5 ring of evasion (right claw)
 p - a ring of ice
 u - a ring of positive energy
Wands
 o - a wand of polymorph (3)
Scrolls
 i - 5 scrolls of identify
 t - a scroll of enchant weapon {unknown}
Potions
 h - 3 potions of curing
 j - 3 potions of haste {unknown}
 n - a potion of enlightenment {unknown}
 r - a potion of degeneration {unknown}
 s - a potion of brilliance {unknown}
 w - 2 potions of might {unknown}


   Skills:
 + Level 4.3 Fighting
 + Level 7.1 Maces & Flails
 + Level 5.1 Dodging
 + Level 0.9 Stealth


You had 7 spell levels left.
You didn't know any spells.
Your spell library was empty.

Dungeon Overview and Level Annotations

Branches:
Dungeon (6/15)             Temple (0/1) D:6

Altars:
Cheibriados
Wu Jian
Zin

Shops:
D:5 (

Annotations:
D:3 1 runed translucent door, Svennibus's ghost, amateur HuCA
D:5 2 transporters
D:6 Dowan; Duvessa; Maggie


Innate Abilities, Weirdness & Mutations

You are too large for most types of armour.
You have claws for hands.
Your natural rate of healing is unusually fast.
You are covered in fur. (AC +1)
You have tough skin. (AC +1)
Your flesh is heat resistant. (rF+)


Message History

The black bear bites you.
The black bear claws you but does no damage.
The black bear claws you.
* * * LOW HITPOINT WARNING * * *
The black bear attacks as it pursues you!
The black bear bites you.
* * * LOW HITPOINT WARNING * * *
The black bear closely misses you. The black bear misses you.
Dowan gestures at you while chanting. The puff of flame hits you. You resist.
* * * LOW HITPOINT WARNING * * *
Maggie casts a spell.
Maggie attempts to bespell you!
You are mesmerised by Maggie!
You cannot move away from Maggie!
You cannot move away from Maggie!
You cannot move away from Maggie!
You cannot move away from Maggie!
You cannot move away from Maggie!
You cannot move away from Maggie!
You cannot move away from Maggie!
You cannot move away from Maggie!
You cannot move away from Maggie!
You cannot move away from Maggie!
There are monsters nearby!
There are monsters nearby!
As you read the scroll labelled KYPUKI TARIKU, it crumbles to dust.
Your body is wracked with pain!
* * * LOW HITPOINT WARNING * * *
The black bear convulses!
Dowan convulses!
Maggie convulses!
Duvessa convulses!
It was a scroll of torment.
Maggie says, "Did Master Lance send you?"
The black bear misses you.
The black bear claws you but does no damage.
The black bear misses you.
As you read the scroll labelled TAAKLO YSHRERU, it crumbles to dust.
You feel strangely unstable.
It was a scroll of teleportation.
Dowan gestures at you while chanting. The puff of frost hits you!
You die...

######.....###.##
#............#.#
#.##...##.##.#.#
#.##...##.##...#
##...e.....##..##
#...@.>....#..##
#.e........#.##
#.h##...##.#.#
#@.##...##.#e#
#........$...#
#[..........##
#############


You could see Maggie (mesmerising), Duvessa, a black bear and Dowan.

Vanquished Creatures
  A black bear (D:5)
  An ice beast (D:4)
  2 ogres
  A centaur (D:5)
  A phantom (D:4)
  Blork the orc (D:5)
  3 scorpions
  2 bombardier beetles
  3 hounds
  A gnoll bouda (D:4)
  2 iguanas
  An orc wizard (D:4)
  13 adders
  9 gnolls
  A shadow imp (D:5)
  2 ufetubi (D:5)
  4 dart slugs
  4 ribbon worms
  4 orcs
  5 bats
  9 endoplasms
  4 giant cockroaches
  4 goblins
  15 hobgoblins
  8 jackals
  5 quokkas
  9 ball pythons
  3 frilled lizards
  4 kobolds
  6 rats
128 creatures vanquished.

Vanquished Creatures (others)
  An orc (D:4)
1 creature vanquished.

Grand Total: 129 creatures vanquished

Notes
Turn   | Place    | Note
-------+----------+-------------------------------------------
     0 | D:1      | Pandarussel the Troll Berserker began the quest for the
                  | Orb.
     0 | D:1      | Reached XP level 1. HP: 22/22 MP: 0/0
    60 | D:1      | Reached skill level 3 in Maces & Flails
    72 | D:1      | Reached XP level 2. HP: 29/29 MP: 1/1
   704 | D:1      | Reached ** piety under Trog
   705 | D:1      | Reached XP level 3. HP: 33/36 MP: 2/2
  1255 | D:2      | Reached XP level 4. HP: 44/44 MP: 3/3
  1998 | D:3      | Reached skill level 4 in Maces & Flails
  2141 | D:3      | Reached XP level 5. HP: 52/52 MP: 4/4
  2164 | D:3      | Found a glowing drain.
  2227 | D:3      | Found a runed translucent door.
  2229 | D:3      | Noticed Svennibus's ghost (amateur HuCA)
  2282 | D:3      | HP: 2/52 [gnoll/+0 club (2)]
  2315 | D:3      | Gained mutation: Your flesh is heat resistant. (rF+)
                  | [potion of mutation]
  2355 | D:3      | Reached *** piety under Trog
  2493 | D:3      | Noticed an ogre
  2508 | D:3      | Killed an ogre
  2509 | D:3      | Reached skill level 5 in Maces & Flails
  2509 | D:3      | Reached XP level 6. HP: 51/61 MP: 5/5
  2982 | D:4      | Found a snail-covered altar of Cheibriados.
  3047 | D:4      | Found a glowing silver altar of Zin.
  3482 | D:4      | Noticed an ice beast
  3503 | D:4      | Killed an ice beast
  3504 | D:4      | Reached XP level 7. HP: 56/67 MP: 6/6
  3621 | D:4      | Reached skill level 6 in Maces & Flails
  3806 | D:4      | Found an ornate altar of the Wu Jian Council.
  3920 | D:5      | Entered Level 5 of the Dungeon
  3970 | D:5      | Found Fialinugh's Antique Weapon Emporium.
  4124 | D:5      | Noticed Blork the orc
  4134 | D:5      | Killed Blork the orc
  4134 | D:5      | Reached **** piety under Trog
  4135 | D:5      | Reached XP level 8. HP: 78/78 MP: 7/7
  4297 | D:5      | Found a transporter.
  4381 | D:5      | Reached skill level 7 in Maces & Flails
  4391 | D:5      | Found a transporter.
  4417 | D:5      | Reached skill level 5 in Dodging
  4448 | D:5      | You fall into a shaft and drop 1 floor!
  4479 | D:6      | Noticed Maggie
  4525 | D:6      | Noticed Duvessa
  4533 | D:6      | Found a staircase to the Ecumenical Temple.
  4533 | D:6      | Noticed Dowan
  4545 | D:6      | Killed from afar by Dowan

Illustrated notes

Levels and vault maps discovered:
D:1:      minmay_arrival_stone_box, layout_basic
D:2:      layout_basic, minivault_24, minivault_4, minmay_puff
D:3:      layout_loops_ring, ebering_ghost_sewer_d, portal_sewer_entry_a,
          nicolae_half_adder
D:4:      layout_basic, nzn_wu_jian_council_hall,
          mainiacjoe_overflow_six_doors_small, zin_academy,
          minmay_fractal_squares_diagonal_5
D:5:      gammafunk_wand_slinger, layout_gridville, lemuel_doored_altar,
          serial_shops, nicolae_shop_hallway_plus, uniq_blork_the_orc,
          uniq_edmund
D:6:      layout_basic, mainiacjoe_overflow_two_lobes,
          minmay_temple_entry_stoned_glass, uniq_maggie, uniq_eustachio,
          uniq_duvessa

Skill      XL: |  1  2  3  4  5  6  7  8 |
---------------+-------------------------+-----
Maces & Flails | 3 4 5 6 7 |  7.1
Dodging        | 3 4 5 |  5.1
Fighting       | 3 4 |  4.3
Stealth        | |  0.9

Action                     |  1- 3 |  4- 6 |  7- 9 || total
---------------------------+-------+-------+-------++-------
  Melee: Mace              |   129 |   165 |       ||   294
         Punch             |     1 |     3 |       ||     4
         Giant spiked club |       |    93 |   126 ||   219
    Use: Scroll            |     3 |     3 |     6 ||    12
         Potion            |     3 |     2 |       ||     5
   Stab: Sleeping          |     3 |     1 |     1 ||     5
         Distracted        |     1 |       |       ||     1
 Armour: Animal skin       |    24 |       |       ||    24
         Robe              |    56 |   163 |   196 ||   415
         Skin              |       |       |     2 ||     2
  Dodge: Dodged            |    82 |   255 |   289 ||   626
